 Dungeon Crawl Stone Soup version 0.29.1-1-gd02db69 (webtiles) character file.

Game seed: 3779518632767430672

131 Kel the Covered (level 5, -2/34 HPs)
             Began as a Gargoyle Fighter on Nov 23, 2022.
             Slain by a gnoll
             ... wielding a +0 whip
              (8 damage)
             ... on level 3 of the Dungeon.
             The game lasted 00:02:46 (2044 turns).

Kel the Covered (Gargoyle Fighter)                  Turns: 2044, Time: 00:02:47

Health: -2/34      AC: 12    Str: 20    XL:     5   Next: 14%
Magic:  5/5        EV:  9    Int:  8    God:
Gold:   145        SH:  4    Dex: 11    Spells: 4/4 levels left

rFire   . . .      SeeInvis .   k - +3 hand axe
rCold   . . .      Faith    .   c - +0 buckler
rNeg    + . .      Spirit   .   b - +0 scale mail
rPois   ∞          Reflect  .   (no helmet)
rElec   +          Harm     .   (no cloak)
rCorr   .          Rampage  .   o - +0 pair of gloves
Will    .....                   (no boots)
Stlth   ..........              (no amulet)
HPRegen 0.11/turn               (no ring)
MPRegen 0.09/turn               (no ring)

@: no status effects
A: sickness immunity, AC +4, negative energy resistance 1, electricity
resistance, torment resistance 1, petrification resistance
a: no special abilities


You were on level 3 of the Dungeon.
You visited 1 branch of the dungeon, and saw 3 of its levels.

You collected 145 gold pieces.

Inventory:

Hand Weapons
 k - a +3 hand axe (weapon)
Armour
 b - a +0 scale mail (worn)
 c - a +0 buckler (worn)
 o - a +0 pair of gloves (worn)
Scrolls
 a - a scroll of immolation {unknown}
 e - a scroll of summoning {unknown}
 g - a scroll of fear {unknown}
 i - a scroll of amnesia {unknown}
 l - a scroll of blinking {unknown}
 m - a scroll of silence {unknown}
 n - a scroll of teleportation {unknown}
Potions
 d - a potion of might
 f - a potion of curing {unknown}
 h - 3 potions of lignification {unknown}
 j - a potion of heal wounds {unknown}


   Skills:
 + Level 4.4 Fighting
 + Level 3.0 Axes
 + Level 4.5 Armour
 - Level 3.3 Shields


You had 4 spell levels left.
You didn't know any spells.
Your spell library contained the following spells:

 Spells                   Type           Power      Damage    Failure   Level
 Magic Dart               Conj           0%         1d3       83%         1
 Blink                    Tloc           0%         N/A       93%         2
 Poisonous Vapours        Pois/Air       0%         N/A       93%         2
 Searing Ray              Conj           0%         2d4       93%         2
 Lesser Beckoning         Tloc           0%         N/A       99%         3
 Corpse Rot               Necr/Pois/Air  0%         N/A       100%        4
 Fulminant Prism          Conj/Hex       0%         3d6       100%        4
 Manifold Assault         Tloc           0%         N/A       100%        5


Dungeon Overview and Level Annotations

Branches:
Dungeon (3/15)

Altars:


Innate Abilities, Weirdness & Mutations

You are immune to sickness and miasma.
Your stone body is resilient. (AC +4)
You are immune to poison.
You resist negative energy. (rN+)
You are resistant to electric shocks. (rElec)
You are resistant to unholy torment.
You are immune to petrification.


Message History

You slash the gnoll!
The gnoll is almost dead.
The gnoll hits you with a +0 club.
The gnoll hits you from afar with a +0 spear.
You are too injured to fight recklessly!
You are too injured to fight recklessly!
You slash the gnoll!
You kill the gnoll!
You block the gnoll's attack.
You have reached level 5!
The gnoll hits you with a +0 spear.
* * * LOW HITPOINT WARNING * * *
You see here a +0 club.
You hit the gnoll.
The gnoll is lightly wounded.
You block the gnoll's attack.
You slash the gnoll!
The gnoll is severely wounded.
The gnoll closely misses you. The gnoll hits you but does no damage.
You hit the gnoll.
You kill the gnoll!
Your Axes skill increases to level 3!
You closely miss the gnoll. The gnoll hits you with a +0 whip.
* * * LOW HITPOINT WARNING * * *
You hit the gnoll.
The gnoll is lightly wounded.
The gnoll barely misses you.
You completely miss the gnoll.
The gnoll is lightly wounded.
The gnoll barely misses you.
You hit the gnoll but do no damage.
The gnoll is lightly wounded.
You block the gnoll's attack. The gnoll closely misses you.
You completely miss the gnoll.
The gnoll is lightly wounded.
You block the gnoll's attack.
You closely miss the gnoll.
The gnoll is lightly wounded.
The gnoll hits you with a +0 whip!
You die...

+###+ .# ....#
.# ....# .#
'###+# .#
.....# ##.#
....## #..
†...# #g#
....## #@#
.....# #)#
...#.### #.#
...#...###
###.#
...###...###
#..(# ...#
###...###.####
...#
###........#
...#
#........# ...
##.......#


You could see a gnoll.

Vanquished Creatures
  An orc priest (D:2)
  3 gnolls (D:3)
  An adder (D:2)
  A worm (D:2)
  7 orcs
  2 endoplasms
  2 giant cockroaches (D:1)
  5 goblins
  10 hobgoblins
  2 jackals (D:1)
  7 ball pythons
  3 bats
  A frilled lizard (D:1)
  6 kobolds
  5 rats
56 creatures vanquished.

Notes
Turn   | Place    | Note
-------+----------+-------------------------------------------
     0 | D:1      | Kel the Gargoyle Fighter began the quest for the Orb.
     0 | D:1      | Reached XP level 1. HP: 14/14 MP: 1/1
    67 | D:1      | Reached XP level 2. HP: 18/19 MP: 2/2
   421 | D:1      | Reached XP level 3. HP: 24/24 MP: 3/3
   434 | D:1      | Found a faded altar of an unknown god.
  1366 | D:2      | Reached XP level 4. HP: 29/29 MP: 4/4
  1661 | D:2      | HP: 1/29 [orc/+0 dagger (2)]
  2035 | D:3      | Reached XP level 5. HP: 12/34 MP: 5/5
  2044 | D:3      | Slain by a gnoll

Illustrated notes

Levels and vault maps discovered:
D:1:      wander_arrival_lonely_grave, layout_basic,
          ebering_ecumenical_altar_rust, st_stairs_7, dreamdust_wishing_well
D:2:      layout_loops_ring, nicolae_eternal_life
D:3:      layout_rooms, mainiacjoe_overflow_24_doors

Skill      XL: |  1  2  3  4  5 |
---------------+----------------+-----
Axes           | 2 3 |  3.0
Armour         | 4 |  4.5
Fighting       | 4 |  4.4
Shields        | |  3.3

Action                   |  1- 3 |  4- 6 || total
-------------------------+-------+-------++-------
Melee: War axe           |    94 |       ||    94
       Hand axe          |     7 |    30 ||    37
Armor: Scale mail        |    60 |     7 ||    67
Dodge: Dodged            |    42 |    18 ||    60
Block: Buckler           |    30 |    10 ||    40
